 Dungeon Crawl Stone Soup version 0.26.0-5-gb5863c6483 (webtiles) character file.

Game seed: 805886433861201386

87 Fulmax the Shield-Bearer (level 4, -2/42 HPs)
             Began as a Deep Dwarf Fighter on Jan 10, 2021.
             Killed by divine providence
             ... invoked by an orc priest
              (13 damage)
             ... on level 3 of the Dungeon.
             The game lasted 00:05:19 (1627 turns).

Fulmax the Shield-Bearer (Deep Dwarf Fighter)       Turns: 1627, Time: 00:05:19

Health: -2/42      AC:  8    Str: 21    XL:     4   Next: 28%
Magic:  4/4        EV:  7    Int:  8    God:
Gold:   172        SH: 10    Dex: 12    Spells: 3/3 levels left

rFire    + . .     SeeInvis .   a - +0 war axe
rCold    . . .     Faith    .   c - +1 kite shield
rNeg     . . .     Spirit   .   b - +0 scale mail
rPois    +         Reflect  .   (no helmet)
rElec    .         Harm     .   g - scarf {repulsion}
rCorr    .         Rampage  .   (no gloves)
Will     .....                  f - +0 pair of boots
Stlth    ..........             (no amulet)
HPRegen  0.00/turn              h - ring of poison resistance
MPRegen  0.09/turn              k - ring of protection from fire

@: non-regenerating, repel missiles
A: damage resistance, heal wounds, sense surroundings 1, no regeneration
a: Heal Wounds


You were on level 3 of the Dungeon.
You visited 1 branch of the dungeon, and saw 3 of its levels.

You collected 172 gold pieces.

Inventory:

Hand Weapons
 a - a +0 war axe (weapon)
Missiles
 e - 2 atropa-tipped darts
 t - a throwing net
Armour
 b - a +0 scale mail (worn)
 c - a +1 kite shield (worn)
 f - a +0 pair of boots (worn)
 g - a scarf of repulsion (worn)
Jewellery
 h - a ring of poison resistance (left hand)
 k - a ring of protection from fire (right hand)
 p - a cursed -4 ring of evasion {unknown}
Potions
 d - 2 potions of might
 i - a potion of mutation {unknown}
 j - a potion of berserk rage {unknown}
 l - 2 potions of curing {unknown}
 o - 3 potions of brilliance {unknown}
 q - a potion of ambrosia {unknown}
 r - a potion of attraction {unknown}
 s - a potion of cancellation {unknown}


   Skills:
 + Level 3.2 Fighting
 + Level 3.1 Axes
 + Level 4.0 Armour
 + Level 4.0 Shields


You had 3 spell levels left.
You didn't know any spells.
Your spell library was empty.

Dungeon Overview and Level Annotations

Branches:
Dungeon (3/15)

Altars:
Qazlal


Innate Abilities, Weirdness & Mutations

You are resistant to damage.
You can heal yourself by infusing magical energy.
You passively map a small area around you.
You do not regenerate.


Message History

You kill the goblin!
There is a stone staircase leading down, spattered with blood here.
You see here a +0 club.
The rat bites you but does no damage.
You hit the rat.
You kill the rat!
You now have 172 gold pieces (gained 6).
Found a stone staircase leading up.
A bat comes into view.
You barely miss the bat. You block the bat's attack. x2
You block the bat's attack. The bat closely misses you.
You block the bat's attack.
You slash the bat!
You kill the bat!
An orc comes into view.
An orc priest comes into view. It is wielding a +0 short sword.
The orc priest shouts!
The orc priest invokes the aid of Beogh against you.
Beogh smites you!
You die...

...##.###.#...........<...,,***,*
...##.....########...####**** *,,
...####.####....†....# ***,* ####
#.# #.#####...# *,,,, #.#
*,*####...# *,*,* #.# *,*#......#
*,*** #.# *,*#.##...# *,*
#######.# #.##.##...# *,*
........# #....@..### **,***
######### #....####********,*,,,
#.##.#**,,,,,,,,,*,***
#.*#..,,,,,,****,***
#,*#..,,,**,* *,* ***,*#..,,,**,*
**** *,,,,..o#*,********,**
*,*,,.o,**,*,,',**,*,**
*,*,,,,,,,,,,,*,*****,*


You could see an orc priest.

Vanquished Creatures
  3 adders
  3 worms
  A dart slug (D:3)
  3 leopard geckos
  6 giant cockroaches
  5 goblins
  6 hobgoblins
  A ball python (D:2)
  4 bats
  2 frilled lizards
  5 kobolds
  8 rats
47 creatures vanquished.

Notes
Turn   | Place    | Note
-------+----------+-------------------------------------------
     0 | D:1      | Fulmax the Deep Dwarf Fighter began the quest for the Orb.
     0 | D:1      | Reached XP level 1. HP: 20/20 MP: 1/1
   198 | D:1      | Reached XP level 2. HP: 27/27 MP: 2/2
   615 | D:2      | Found a stormy altar of Qazlal.
   650 | D:2      | Reached XP level 3. HP: 25/34 MP: 3/3
  1353 | D:3      | Found a faded altar of an unknown god.
  1473 | D:3      | Reached XP level 4. HP: 11/42 MP: 4/4
  1627 | D:3      | Killed from afar by an orc priest

Illustrated notes

Levels and vault maps discovered:
D:1:      scummos_arrival_simple_crosswalls, layout_basic
D:2:      layout_loops_ring, grunt_qazlal_sundering, minivault_14,
          chequers_decorated_corner, hex_tiny
D:3:      layout_loops_cross, regret_index_temple_of_mockery,
          old_standard_altar, chequers_ecumenical_altar_simple

Skill      XL: |  1  2  3  4 |
---------------+-------------+-----
Fighting       | 3 |  3.2
Axes           | 3 |  3.1
Armour         | 4 |  4.0
Shields        | 4 |  4.0

Action                   |  1- 3 |  4- 6 || total
-------------------------+-------+-------++-------
Melee: War axe           |   168 |    13 ||   181
  Use: Scroll            |     3 |     2 ||     5
Armor: Scale mail        |    72 |     2 ||    74
Dodge: Dodged            |    56 |     4 ||    60
Block: Kite shield       |    89 |    13 ||   102
